| TOP OF THE 1ST |
|
Lehigh Valley IronPigs batting - Pitching for Memphis Redbirds : RHP Doug Nickey
|
|
Pitching: RHP Doug Nickey
|
|
|
Batting: LHB Chris Moody
|
0-0: Foul Ball, location: 2F 0-1: Foul Ball, location: 2F 0-2: Ball 1-2: Ball 2-2: Ball 3-2: Strikes out swinging
|
|
Batting: RHB Mark Schultz
|
0-0: Ball 1-0: Ball 2-0: Ground out 3-1 (Groundball, 34, EV 106.9 MPH)
|
|
Batting: RHB Melchor Sovrivilla
|
0-0: Fly out, F8 (Flyball, 8RD, EV 99.4 MPH)
|
| Top of the 1st over - 0 runs, 0 hits, 0 errors, 0 left on base; Lehigh Valley 0 - Memphis 0 |
| BOTTOM OF THE 1ST |
|
Memphis Redbirds batting - Pitching for Lehigh Valley IronPigs : RHP Lida Sestak
|
|
Pitching: RHP Lida Sestak
|
|
|
Batting: LHB Tsutomu Miyahara
|
0-0: Swinging Strike 0-1: Ball 1-1: Swinging Strike 1-2: Foul Ball, location: 2F 1-2: Foul Ball, location: 2F 1-2: Foul Ball, location: 2F 1-2: Foul Ball, location: 2F 1-2: Foul Ball, location: 2F 1-2: Fly out, F7 (Flyball, 7LM, EV 90.6 MPH)
|
|
Batting: RHB Andres Mendiola
|
0-0: Ground out 4-3 (Groundball, 4, EV 81.9 MPH)
|
|
Batting: SHB Gerardo Macias
|
0-0: DOUBLE (Line Drive, 89XD, EV 103.8 MPH)
|
|
Batting: RHB Tyler Walker
|
0-0: Called Strike 0-1: Swinging Strike 0-2: Strikes out swinging
|
| Bottom of the 1st over - 0 runs, 1 hit, 0 errors, 1 left on base; Lehigh Valley 0 - Memphis 0 |
| TOP OF THE 2ND |
|
Lehigh Valley IronPigs batting - Pitching for Memphis Redbirds : RHP Doug Nickey
|
|
Batting: RHB Jose Leon
|
0-0: SINGLE (Line Drive, 34D, EV 111.9 MPH)
|
|
Batting: LHB Jose Carlos
|
0-0: Ball 1-0: Swinging Strike 1-1: Grounds into double play, 5-4-3 (Groundball, 56, EV 96.9 MPH)
|
|
Batting: SHB Josh Schultze
|
0-0: Foul Ball, location: 2F 0-1: Swinging Strike 0-2: Ball 1-2: Ground out 4-3 (Groundball, 34, EV 99.4 MPH)
|
| Top of the 2nd over - 0 runs, 1 hit, 0 errors, 0 left on base; Lehigh Valley 0 - Memphis 0 |
| BOTTOM OF THE 2ND |
|
Memphis Redbirds batting - Pitching for Lehigh Valley IronPigs : RHP Lida Sestak
|
|
Batting: LHB Sam Britt
|
0-0: Called Strike 0-1: Called Strike 0-2: Foul Ball, location: 2F 0-2: Ball 1-2: Ball 2-2: SINGLE (Groundball, 4D, EV 111.2 MPH)
|
|
Batting: RHB Dan Boykins
|
0-0: Called Strike 0-1: Ball 1-1: Called Strike 1-2: Ball 2-2: Strikes out looking
|
|
Batting: LHB Adam Eisen
|
0-0: Ball 1-0: Foul Ball, location: 2F 1-1: Foul Ball, location: 2F 1-2: Ball 2-2: Foul Ball, location: 2F 2-2: SINGLE (Line Drive, 6D, EV 98.1 MPH) Sam Britt to second
|
|
Batting: RHB Joe LaDue
|
0-0: Swinging Strike 0-1: Swinging Strike 0-2: Ball 1-2: Strikes out swinging
|
|
Batting: RHB Juan Martinez
|
0-0: Ball 1-0: Ball 2-0: Called Strike 2-1: Ball 3-1: Base on Balls Sam Britt to third Adam Eisen to second
|
|
Batting: LHB Tsutomu Miyahara
|
0-0: Ball 1-0: Ball 2-0: Ball 3-0: Called Strike 3-1: Ground out U3 (Groundball, 34S, EV 86.2 MPH)
|
| Bottom of the 2nd over - 0 runs, 2 hits, 0 errors, 3 left on base; Lehigh Valley 0 - Memphis 0 |
| TOP OF THE 3RD |
|
Lehigh Valley IronPigs batting - Pitching for Memphis Redbirds : RHP Doug Nickey
|
|
Batting: SHB Kaname Fujimoto
|
0-0: Ball 1-0: Ground out 6-3 (Groundball, 6M, EV 97.5 MPH)
|
|
Batting: LHB Pat Shaddock
|
0-0: Ball 1-0: Foul Ball, location: 2F 1-1: Ball 2-1: Foul Ball, location: 2F 2-2: Foul Ball, location: 2F 2-2: Strikes out swinging
|
|
Batting: LHB Tom Edwards
|
0-0: Ground out 6-3 (Groundball, 4M, EV 91.9 MPH)
|
| Top of the 3rd over - 0 runs, 0 hits, 0 errors, 0 left on base; Lehigh Valley 0 - Memphis 0 |
| BOTTOM OF THE 3RD |
|
Memphis Redbirds batting - Pitching for Lehigh Valley IronPigs : RHP Lida Sestak
|
|
Batting: RHB Andres Mendiola
|
0-0: Foul Ball, location: 2F 0-1: Foul Ball, location: 2F 0-2: Ball 1-2: Foul Ball, location: 2F 1-2: Ground out 5-3 (Groundball, 5S, EV 71.9 MPH)
|
|
Batting: SHB Gerardo Macias
|
0-0: Called Strike 0-1: SOLO HOME RUN (Flyball, 9D, EV 98.8 MPH), Distance : 387 ft
|
|
Batting: RHB Tyler Walker
|
0-0: Ball 1-0: Foul Ball, location: 2F 1-1: Ball 2-1: Swinging Strike 2-2: Ball 3-2: Base on Balls
|
|
Batting: LHB Sam Britt
|
0-0: Ball 1-0: Called Strike 1-1: Foul Ball, location: 2F 1-2: Foul Ball, location: 2F 1-2: Ball 2-2: Strikes out swinging
|
|
Batting: RHB Dan Boykins
|
0-0: Ball 1-0: Called Strike 1-1: Called Strike 1-2: Ball 2-2: Fielders Choice at 2nd, 6-4 (Groundball, 6, EV 81.2 MPH)
|
| Bottom of the 3rd over - 1 run, 1 hit, 0 errors, 1 left on base; Lehigh Valley 0 - Memphis 1 |
| TOP OF THE 4TH |
|
Lehigh Valley IronPigs batting - Pitching for Memphis Redbirds : RHP Doug Nickey
|
|
Batting: LHB Chris Moody
|
0-0: Ball 1-0: Called Strike 1-1: Foul Ball, location: 2F 1-2: Foul Ball, location: 2F 1-2: Foul Ball, location: 2F 1-2: Strikes out swinging
|
|
Batting: RHB Mark Schultz
|
0-0: Ball 1-0: Hit by Pitch
|
|
Batting: RHB Melchor Sovrivilla
|
0-0: Called Strike Mark Schultz is caught stealing 2nd base 2-4 0-1: Ball 1-1: Fly out, F7 (Flyball, 8LM, EV 89.4 MPH)
|
| Top of the 4th over - 0 runs, 0 hits, 0 errors, 0 left on base; Lehigh Valley 0 - Memphis 1 |
| BOTTOM OF THE 4TH |
|
Memphis Redbirds batting - Pitching for Lehigh Valley IronPigs : RHP Lida Sestak
|
|
Batting: LHB Adam Eisen
|
0-0: DOUBLE (Line Drive, 7LS, EV 101.2 MPH)
|
|
Batting: RHB Joe LaDue
|
0-0: Swinging Strike 0-1: Ball 1-1: Called Strike 1-2: Ball 2-2: Strikes out swinging
|
|
Batting: RHB Juan Martinez
|
0-0: Called Strike Adam Eisen steals 3rd base 0-1: Ball 1-1: Ball 2-1: 2-RUN HOME RUN (Flyball, 7D, EV 101.9 MPH), Distance : 392 ft
|
|
Batting: LHB Tsutomu Miyahara
|
0-0: Called Strike 0-1: Ball 1-1: Ball 2-1: DOUBLE (Flyball, 8RXD, EV 97.5 MPH)
|
|
Batting: RHB Andres Mendiola
|
0-0: Ball 1-0: Called Strike 1-1: Called Strike 1-2: Ball 2-2: Foul Ball, location: 2F 2-2: Ball 3-2: Foul Ball, location: 2F 3-2: Foul Ball, location: 2F 3-2: Foul Ball, location: 2F 3-2: SINGLE (Flyball, 8RM, EV 90.6 MPH) Tsutomu Miyahara to third
|
|
Batting: SHB Gerardo Macias
|
0-0: Ball 1-0: Ball Andres Mendiola steals 2nd, throwing error, E2 Tsutomu Miyahara scores Andres Mendiola to third 2-0: Ground out U3 (Groundball, 3L, EV 106.2 MPH)
|
|
Batting: RHB Tyler Walker
|
0-0: Ball 1-0: Ball 2-0: Called Strike 2-1: Ground out 6-3 (Groundball, 6M, EV 82.5 MPH)
|
| Bottom of the 4th over - 3 runs, 4 hits, 1 error, 1 left on base; Lehigh Valley 0 - Memphis 4 |
| TOP OF THE 5TH |
|
Lehigh Valley IronPigs batting - Pitching for Memphis Redbirds : RHP Doug Nickey
|
|
Batting: RHB Jose Leon
|
0-0: Ball 1-0: Swinging Strike 1-1: Foul Ball, location: 2F 1-2: Ball 2-2: Ball 3-2: Foul Ball, location: 2F 3-2: Base on Balls
|
|
Batting: LHB Jose Carlos
|
0-0: Foul Ball, location: 2F 0-1: Foul Ball, location: 2F 0-2: Hit by Pitch Jose Leon to second
|
|
Batting: SHB Josh Schultze
|
0-0: Called Strike 0-1: Ball 1-1: Swinging Strike 1-2: SINGLE (Flyball, 7LS, EV 97.5 MPH) Jose Leon to third Jose Carlos to second
|
|
Batting: SHB Kaname Fujimoto
|
0-0: Ball 1-0: Ball 2-0: Swinging Strike 2-1: Ball 3-1: Base on Balls Jose Leon scores Jose Carlos to third Josh Schultze to second
|
|
Batting: LHB Pat Shaddock
|
0-0: Ball 1-0: Foul Ball, location: 2F 1-1: Fly out, F8 (Flyball, 8LXD, EV 93.8 MPH) Runner from 3rd tags up, SCORES, no throw by CF
|
|
Batting: LHB Tom Edwards
|
0-0: Called Strike 0-1: Ball 1-1: Ball 2-1: Grounds into double play, 4-6-3 (Groundball, 4, EV 107.5 MPH)
|
| Top of the 5th over - 2 runs, 1 hit, 0 errors, 1 left on base; Lehigh Valley 2 - Memphis 4 |
| BOTTOM OF THE 5TH |
|
Memphis Redbirds batting - Pitching for Lehigh Valley IronPigs : RHP Lida Sestak
|
|
Pitching: RHP Josh Allport
|
|
|
Batting: LHB Sam Britt
|
0-0: Called Strike 0-1: Ball 1-1: Called Strike 1-2: SINGLE (Line Drive, 4D, EV 103.8 MPH)
|
|
Batting: RHB Dan Boykins
|
0-0: Called Strike 0-1: Ball 1-1: Swinging Strike 1-2: Ball 2-2: Ball 3-2: Foul Ball, location: 2F 3-2: Base on Balls Sam Britt to second
|
|
Batting: LHB Adam Eisen
|
0-0: Ball 1-0: Ball 2-0: Ball 3-0: Base on Balls Sam Britt to third Dan Boykins to second
|
|
Batting: RHB Joe LaDue
|
0-0: Called Strike 0-1: Ball 1-1: Grounds into double play, 5-4-3 (Groundball, 56, EV 102.5 MPH) Sam Britt scores Dan Boykins to third
|
|
Batting: RHB Juan Martinez
|
0-0: Called Strike 0-1: Ball 1-1: Ball 2-1: Ball 3-1: Base on Balls
|
|
Batting: LHB Tsutomu Miyahara
|
0-0: Ball 1-0: Foul Ball, location: 2F 1-1: Swinging Strike 1-2: Ground out 4-3 (Groundball, 34, EV 91.2 MPH)
|
| Bottom of the 5th over - 1 run, 1 hit, 0 errors, 2 left on base; Lehigh Valley 2 - Memphis 5 |
| TOP OF THE 6TH |
|
Lehigh Valley IronPigs batting - Pitching for Memphis Redbirds : RHP Doug Nickey
|
|
Batting: LHB Chris Moody
|
0-0: Called Strike 0-1: Foul Ball, location: 2F 0-2: Strikes out swinging
|
|
Batting: RHB Mark Schultz
|
0-0: Ball 1-0: Foul Ball, location: 2F 1-1: Ball 2-1: Foul Ball, location: 2F 2-2: Strikes out swinging
|
|
Batting: RHB Melchor Sovrivilla
|
0-0: DOUBLE (Line Drive, 5D, EV 97.5 MPH)
|
|
Batting: RHB Jose Leon
|
0-0: Ball 1-0: Foul Ball, location: 2F 1-1: Foul Ball, location: 2F 1-2: Ball 2-2: Ball 3-2: Base on Balls
|
|
Batting: LHB Jose Carlos
|
0-0: Fly out, F4 (Popup, 34S, EV 83.8 MPH)
|
| Top of the 6th over - 0 runs, 1 hit, 0 errors, 2 left on base; Lehigh Valley 2 - Memphis 5 |
| BOTTOM OF THE 6TH |
|
Memphis Redbirds batting - Pitching for Lehigh Valley IronPigs : RHP Josh Allport
|
|
Batting: RHB Andres Mendiola
|
0-0: Called Strike 0-1: Ball 1-1: Foul Ball, location: 2F 1-2: Strikes out swinging
|
|
Batting: SHB Gerardo Macias
|
0-0: Ball 1-0: Called Strike 1-1: Swinging Strike 1-2: Strikes out looking
|
|
Batting: RHB Tyler Walker
|
0-0: Ball 1-0: Foul Ball, location: 2F 1-1: Ground out 6-3 (Groundball, 6, EV 86.2 MPH)
|
| Bottom of the 6th over - 0 runs, 0 hits, 0 errors, 0 left on base; Lehigh Valley 2 - Memphis 5 |
| TOP OF THE 7TH |
|
Lehigh Valley IronPigs batting - Pitching for Memphis Redbirds : RHP Doug Nickey
|
|
Batting: SHB Josh Schultze
|
0-0: Foul Ball, location: 2F 0-1: Foul Ball, location: 2F 0-2: SINGLE (Groundball, 15S, EV 65.0 MPH) (infield hit)
|
|
Batting: SHB Kaname Fujimoto
|
0-0: Foul Ball, location: 2F 0-1: SINGLE (Groundball, 56D, EV 103.1 MPH) Josh Schultze to second
|
|
Batting: LHB Pat Shaddock
|
0-0: Swinging Strike 0-1: Called Strike 0-2: Ball 1-2: Fly out, F7 (Flyball, 78M, EV 97.5 MPH)
|
|
Batting: LHB Tom Edwards
|
0-0: Ball 1-0: Ball 2-0: Called Strike 2-1: Called Strike 2-2: Ball 3-2: Foul Ball, location: 2F 3-2: Foul Ball, location: 2F 3-2: TRIPLE (Line Drive, 89XD, EV 89.4 MPH) Josh Schultze scores Kaname Fujimoto scores
|
|
Pitching: LHP John Murray
|
|
|
Pinch Hitting: RHB Francisco Viera
|
0-0: Called Strike 0-1: Ball 1-1: Foul Ball, location: 2F 1-2: Ground out 6-3 (Groundball, 6, EV 81.2 MPH)
|
|
Batting: RHB Mark Schultz
|
0-0: Ball 1-0: Ball 2-0: Called Strike 2-1: Ball 3-1: SINGLE (Line Drive, 4D, EV 96.9 MPH) Tom Edwards scores
|
|
Batting: RHB Melchor Sovrivilla
|
0-0: Called Strike 0-1: Ball 1-1: Foul Ball, location: 2F 1-2: Ball 2-2: Ball 3-2: Foul Ball, location: 2F 3-2: Foul Ball, location: 2F 3-2: Foul Ball, location: 2F 3-2: Base on Balls Mark Schultz to second
|
|
Batting: RHB Jose Leon
|
0-0: Foul Ball, location: 2F 0-1: Foul Ball, location: 2F 0-2: SINGLE (Line Drive, 89S, EV 89.4 MPH) Mark Schultz to third Melchor Sovrivilla to second Runner from 3rd tries for Home, SAFE, throw by RF to home
|
|
Batting: LHB Jose Carlos
|
0-0: Foul Ball, location: 2F 0-1: Fly out, F8 (Flyball, 8RD, EV 93.1 MPH)
|
| Top of the 7th over - 4 runs, 5 hits, 0 errors, 2 left on base; Lehigh Valley 6 - Memphis 5 |
| BOTTOM OF THE 7TH |
|
Memphis Redbirds batting - Pitching for Lehigh Valley IronPigs : RHP Josh Allport
|
|
Pitching: LHP Brian Wildrick
|
|
|
Now in RF: Danny Hill
|
|
|
Batting: LHB Sam Britt
|
0-0: Ground out 4-3 (Groundball, 4, EV 86.9 MPH)
|
|
Pitching: RHP Hideki Kobayashi
|
|
|
Batting: RHB Dan Boykins
|
0-0: Swinging Strike 0-1: Called Strike 0-2: Foul Ball, location: 2F 0-2: Ball 1-2: Ball 2-2: Strikes out swinging
|
|
Batting: LHB Adam Eisen
|
0-0: Called Strike 0-1: Ball 1-1: Foul Ball, location: 2F 1-2: Foul Ball, location: 2F 1-2: Fly out, F3 (Line Drive, 34D, EV 75.0 MPH)
|
| Bottom of the 7th over - 0 runs, 0 hits, 0 errors, 0 left on base; Lehigh Valley 6 - Memphis 5 |
| TOP OF THE 8TH |
|
Lehigh Valley IronPigs batting - Pitching for Memphis Redbirds : LHP John Murray
|
|
Batting: SHB Josh Schultze
|
0-0: Ball 1-0: Called Strike 1-1: Ground out 4-3 (Groundball, 4M, EV 90.0 MPH)
|
|
Batting: SHB Kaname Fujimoto
|
0-0: SINGLE (Groundball, 5S, EV 63.1 MPH) (infield hit)
|
|
Batting: LHB Pat Shaddock
|
0-0: Ball 1-0: Ball 2-0: Foul Ball, location: 2F 2-1: Foul Ball, location: 2F 2-2: Foul Ball, location: 2F 2-2: Fielders Choice at 2nd, 1-6 (Groundball, 13S, EV 68.1 MPH)
|
|
Batting: LHB Tom Edwards
|
0-0: DOUBLE (Line Drive, 89D, EV 108.8 MPH) Pat Shaddock to third Runner from 3rd tries for Home, SAFE, throw by CF to home
|
|
Batting: LHB Danny Hill
|
0-0: Called Strike 0-1: Ball 1-1: Ground out 1-3 (Groundball, 15S, EV 68.8 MPH)
|
| Top of the 8th over - 1 run, 2 hits, 0 errors, 1 left on base; Lehigh Valley 7 - Memphis 5 |
| BOTTOM OF THE 8TH |
|
Memphis Redbirds batting - Pitching for Lehigh Valley IronPigs : RHP Hideki Kobayashi
|
|
Batting: RHB Joe LaDue
|
0-0: Fly out, F7 (Flyball, 78D, EV 108.8 MPH)
|
|
Batting: RHB Juan Martinez
|
0-0: Ball 1-0: Ground out 5-3 (Groundball, 56, EV 113.8 MPH)
|
|
Batting: LHB Tsutomu Miyahara
|
0-0: Called Strike 0-1: Foul Ball, location: 2F 0-2: Strikes out swinging
|
| Bottom of the 8th over - 0 runs, 0 hits, 0 errors, 0 left on base; Lehigh Valley 7 - Memphis 5 |
| TOP OF THE 9TH |
|
Lehigh Valley IronPigs batting - Pitching for Memphis Redbirds : LHP John Murray
|
|
Pitching: RHP Josh Sabatino
|
|
|
Batting: RHB Mark Schultz
|
0-0: Swinging Strike 0-1: Ball 1-1: Foul Ball, location: 2F 1-2: Ball 2-2: Strikes out swinging
|
|
Batting: RHB Melchor Sovrivilla
|
0-0: Called Strike 0-1: Swinging Strike 0-2: Ball 1-2: Ball 2-2: Foul Ball, location: 2F 2-2: SINGLE (Flyball, 89S, EV 97.5 MPH)
|
|
Batting: RHB Jose Leon
|
0-0: Called Strike Melchor Sovrivilla steals 2nd base (no throw) 0-1: Ball 1-1: Ball 2-1: Ball 3-1: Fly out, F9 (Line Drive, 89S, EV 86.2 MPH)
|
|
Batting: LHB Jose Carlos
|
0-0: Ball 1-0: Ball 2-0: SINGLE (Groundball, 4MD, EV 101.2 MPH) Melchor Sovrivilla to third Runner from 3rd tries for Home, SAFE, throw by CF to home
|
|
Batting: SHB Josh Schultze
|
0-0: Called Strike 0-1: Ball 1-1: Called Strike 1-2: Fly out, F6 (Popup, 6M, EV 60.6 MPH)
|
| Top of the 9th over - 1 run, 2 hits, 0 errors, 1 left on base; Lehigh Valley 8 - Memphis 5 |
| BOTTOM OF THE 9TH |
|
Memphis Redbirds batting - Pitching for Lehigh Valley IronPigs : RHP Hideki Kobayashi
|
|
Pitching: RHP Victor Hurtado
|
|
|
Batting: RHB Andres Mendiola
|
0-0: Called Strike 0-1: SOLO HOME RUN (Flyball, 9D, EV 99.4 MPH), Distance : 381 ft
|
|
Batting: SHB Gerardo Macias
|
0-0: Fly out, F5 (Popup, 5L, EV 70.6 MPH)
|
|
Batting: RHB Tyler Walker
|
0-0: Ball 1-0: Fly out, F7 (Line Drive, 78M, EV 93.8 MPH)
|
|
Batting: LHB Sam Britt
|
0-0: Called Strike 0-1: Called Strike 0-2: SINGLE (Groundball, 34D, EV 102.5 MPH)
|
|
Batting: RHB Dan Boykins
|
0-0: Ball 1-0: Ball 2-0: Ball 3-0: Called Strike 3-1: Fielders Choice at 2nd, 5-4 (Groundball, 5, EV 105.0 MPH)
|
| Bottom of the 9th over - 1 run, 2 hits, 0 errors, 1 left on base; Lehigh Valley 8 - Memphis 6 |
|